 Dungeon Crawl Stone Soup version 0.26-a0-831-g7192265339 (webtiles) character file.

Game seed: 17965088109553660169

210496 selver the Cruncher (level 18, -8/157 HPs)
             Began as a Grey Draconian Venom Mage on Nov 15, 2020.
             Was the Champion of Vehumet.
             Shot with an arrow by a satyr (39 damage)
             ... on level 4 of the Shoals on Nov 16, 2020.
             The game lasted 03:30:36 (46664 turns).

selver the Cruncher (Grey Draconian Venom Mage)    Turns: 46664, Time: 03:30:36

Health: -8/157     AC: 18    Str: 11    XL:     18   Next: 18%
Magic:  38/47      EV: 18    Int: 38    God:    Vehumet [******]
Gold:   2109       SH:  0    Dex: 12    Spells: 1/43 levels left

rFire    + . .     SeeInvis .   a - +10 quarterstaff "Uffaikut" {flame, Int+9}
rCold    + . .     Faith    .   (shield currently unavailable)
rNeg     . . .     Spirit   .   (armour unavailable)
rPois    .         Reflect  .   H - +1 hat
rElec    .         Harm     .   E - scarf {rC+ rF+}
rCorr    .         Rampage  .   (no gloves)
MR       ++...                  N - +1 pair of boots
Stlth    +.........             (no amulet)
HPRegen  0.36/turn              p - +6 ring of intelligence
MPRegen  0.30/turn              x - ring of magical power

@: glowing
A: walk through water, unfitting armour, horns 1, high mp 1, magic resistance 1,
unbreathing, cold-blooded, AC +15
}: 1/15 runes: gossamer
a: Renounce Religion


You were on level 4 of the Shoals.
You worshipped Vehumet.
Vehumet was exalted by your worship.
You visited 6 branches of the dungeon, and saw 32 of its levels.

You collected 3577 gold pieces.
You spent 1468 gold pieces at shops.

Inventory:

Hand Weapons
 a - the +10 quarterstaff "Uffaikut" (weapon) {flame, Int+9}
   (You found it on level 1 of the Lair of Beasts)

   It has been specially enchanted to burn those struck by it, causing extra
   injury to most foes and up to half again as much damage against particularly
   susceptible opponents.
   It affects your intelligence (+9).
 b - the +7 lajatang of Buiplet {venom, SInv}
   (You acquired it on level 2 of the Spider Nest)

   It poisons the flesh of those it strikes.
   It lets you see invisible.
 Z - a +5 demon trident of venom
Missiles
 f - 999 stones (quivered)
Armour
 E - a scarf of resistance (worn)
 H - a +1 hat (worn)
 M - a +0 kite shield of reflection
 N - a +1 pair of boots (worn)
Magical Staves
 e - an uncursed staff of poison
 t - an uncursed staff of conjuration
 D - an uncursed staff of earth
Jewellery
 c - an uncursed ring of protection from magic
 h - a +6 ring of intelligence
 i - the amulet "Fotezygg" {RegenMP *Slow Int+2 Dex+4}
   (You found it on level 14 of the Dungeon)

   [amulet of magic regeneration]

   It increases your magic regeneration.
   It affects your intelligence (+2).
   It affects your dexterity (+4).
   It may slow you when you take damage.
 p - a +6 ring of intelligence (left hand)
 v - an uncursed amulet of magic regeneration
 x - a ring of magical power (right hand)
 y - a +6 ring of intelligence
 A - an uncursed ring of wizardry
 C - a +4 ring of evasion
 F - an uncursed amulet of regeneration
 G - an uncursed ring of resist corrosion
 J - an uncursed amulet of reflection
 K - a +6 ring of strength
 Q - a +4 ring of protection
 V - an uncursed ring of protection from fire
 Y - a cursed amulet of inaccuracy {unknown}
Wands
 k - a wand of digging (20)
 n - a wand of acid (5)
 w - a wand of iceblast (36)
 z - a wand of disintegration (20)
 W - a wand of flame (35)
Scrolls
 d - 3 scrolls of fog
 l - 3 scrolls of magic mapping
 q - 11 scrolls of teleportation
 I - 14 scrolls of remove curse
 L - 2 scrolls of identify
 O - 6 scrolls of enchant weapon
 P - a scroll of summoning
 R - a scroll of holy word
 S - 3 scrolls of fear
 U - 4 scrolls of enchant armour
Potions
 g - 2 potions of resistance
 m - 2 potions of haste
 o - 4 potions of mutation
 r - a potion of might
 s - a potion of cancellation
 u - 4 potions of brilliance
 B - 3 potions of ambrosia
 T - a potion of magic
 X - a potion of flight


   Skills:
 - Level 13.2 Fighting
 - Level 14.0 Staves
 - Level 10.6 Dodging
 - Level 1.7 Stealth
 - Level 13.0 Spellcasting
 - Level 11.8 Conjurations
 * Level 13.1 Summonings
 - Level 5.0 Transmutations
 - Level 7.7 Fire Magic
 - Level 4.0 Air Magic
 - Level 9.0 Poison Magic


You had one spell level left.
You knew the following spells:

 Your Spells              Type           Power        Failure   Level
a - Spellforged Servitor  Conj/Summ      #######...   2%          7
b - Summon Hydra          Summ           #######...   5%          7
c - Ignite Poison         Fire/Tmut/Pois ######..     1%          3
d - Mephitic Cloud        Conj/Pois/Air  ######..     1%          3
e - Magic Dart            Conj           ####         0%          1
f - Olgreb's Toxic Radia  Pois           #######.     1%          4
g - Searing Ray           Conj           ######       0%          2
h - Iskenderun's Mystic   Conj/Tloc      ######..     1%          4
i - Fireball              Conj/Fire      #######...   1%          5
j - Shadow Creatures      Summ           N/A          1%          6

Your spell library contained the following spells:

 Spells                   Type           Power        Failure   Level
 Chain Lightning          Conj/Air       ######....   65%         8
 Ignition                 Fire           ######....   67%         8
 Shatter                  Erth           ###.......   100%        9
 Animate Skeleton         Necr           ###...       1%          1
 Apportation              Tloc           ###...       1%          1
 Beastly Appendage        Tmut           ######       1%          1
 Corona                   Hex            ###....      1%          1
 Pain                     Necr           ###.         1%          1
 Sting                    Tmut/Pois      ####         1%          1
 Call Imp                 Summ           #######.     0%          2
 Corpse Rot               Necr/Air       N/A          1%          2
 Poisonous Vapours        Pois/Air       ######       1%          2
 Wereblood                Tmut           ######..     1%          2
 Conjure Flame            Conj/Fire      #######.     1%          3
 Dazzling Flash           Conj/Hex       ######       1%          3
 Spider Form              Tmut/Pois      ######....   1%          3
 Fulminant Prism          Conj/Hex       ######....   1%          4
 Irradiate                Conj/Tmut      ######....   1%          5
 Summon Demon             Summ           #######...   1%          5
 Blink                    Tloc           N/A          2%          2
 Ensorcelled Hibernation  Hex/Ice        ###...       2%          2
 Slow                     Hex            ###.....     2%          2
 Sublimation of Blood     Necr           ###.......   2%          2
 Alistair's Intoxication  Tmut/Pois      ######...    2%          5
 Summon Forest            Summ/Tloc      ######....   2%          5
 Summon Mana Viper        Hex/Summ       ######..     2%          5
 Confusing Touch          Hex            ###.....     4%          3
 Lesser Beckoning         Tloc           ###.......   4%          3
 Tukima's Dance           Hex            ###.....     4%          3
 Vampiric Draining        Necr           ###.......   4%          3
 Blade Hands              Tmut           ######....   4%          5
 Ice Form                 Ice/Tmut       #####...     5%          4
 Animate Dead             Necr           ###.......   14%         4
 Dispel Undead            Necr           ###.....     14%         4
 Hydra Form               Tmut           ######....   28%         6
 Agony                    Necr           ###.....     38%         5
 Excruciating Wounds      Necr           ###.......   38%         5
 Statue Form              Tmut/Erth      #####....    63%         6
 Dragon Form              Tmut           ######....   83%         7
 Invisibility             Hex            ###.....     92%         6


Dungeon Overview and Level Annotations

Branches:
Dungeon (15/15)            Temple (1/1) D:7            Lair (6/6) D:9
 Shoals (4/4) Lair:2       Spider (4/4) Lair:2        Slime (0/5) Lair:5
    Orc (2/2) D:11            Elf (0/3) Orc:2        Vaults (0/5) D:14
 Depths (0/5) D:15

Altars:
Ashenzari
Cheibriados
Dithmenos
Elyvilon
Fedhas
Gozag
Hepliaklqana
Kikubaaqudgha
Makhleb
Nemelex Xobeh
Okawaru
Qazlal
Ru
Sif Muna
Trog
Uskayaw
Vehumet
Wu Jian
Xom
Yredelemnul
Zin
The Shining One
Beogh

Shops:
Orc:2 :(*[

Annotations:
D:15 exclusion: orange crystal statue
Spider:2 1 runed translucent door, Gohat's ghost, journeyman HOBe


Innate Abilities, Weirdness & Mutations

You can walk through water.
Your dull iron-grey scales are very hard. (AC +15)
You cannot fit into any form of body armour.
You can survive without breathing.
You are cold-blooded and may be slowed by cold attacks.
You have a pair of small horns on your head.
You have an increased reservoir of magic. (+10% MP)
You are resistant to hostile enchantments. (MR+)


Message History

Aim: a faun, wielding a +0 spear and quivering 16 stones (severely wounded, poisoned)
The fireball explodes!
The fireball engulfs the faun!
You kill the faun!
Vehumet accepts your kill.
You feel your power returning.
You hear a splash. x3; You hear a shout!
You struggle against the net.
A satyr comes into view. It is wielding a +0 spear.
You struggle against the net.
You feel better.
The satyr plays a lulling melody on his pipes!
You easily resist.
You struggle against the net.
The satyr unwields a +0 spear.
The satyr wields a +0 longbow.
The satyr shoots an arrow.
The arrow hits you!!
* * * LOW HITPOINT WARNING * * *
You struggle against the net.
You rip the net and break free!
The satyr shoots an arrow.
The arrow misses you.
The satyr shoots an arrow.
The arrow hits you!!!
You die...

≈≈≈≈^≈≈≈≈≈≈≈|≈≈≈P.
≈≈≈≈.≈≈≈P#≈≈≈≈≈PP
≈≈.....≈≈#≈≈≈≈≈# ≈
.......(≈≈≈≈≈≈≈# ≈≈
........≈(≈(≈≈###.≈≈
.....$..≈≈(≈≈##....≈
......(≈≈≈≈≈.......≈
...?..≈≈≈≈≈).(.....≈
.≈...≈≈≈≈≈÷.@.)....≈
≈≈≈≈≈≈≈≈≈≈()(.......
≈≈≈≈≈≈≈≈§≈..........
≈≈≈≈≈≈≈≈§≈≈.........
≈≈≈≈≈≈≈≈§≈≈≈....(...
...≈c≈≈≈≈≈≈≈.......
....≈≈≈))≈≈≈..#####
.≈≈≈)))≈≈.##


You could see a satyr.

Vanquished Creatures
  A kraken (Shoals:3)
  Gastronok (D:9)
  Donald (Orc:2)
  2 orc warlords (Orc:2)
  An emperor scorpion (Spider:4)
  A ghost moth (Spider:3)
  2 stone giants
  An entropy weaver (Spider:3)
  Nessos (Lair:5)
  3 spark wasps
  2 ettins (Orc:1)
  2 merfolk javelineers
  Josephine (Orc:2)
  3 merfolk impalers
  2 fire dragons
  A yaktaur captain (D:15)
  The ghost of Jiolyugh the Geomancer, a journeyman GrEE of Qazlal (D:14)
  3 vault guards (D:14)
  3 boulder beetles
  3 merfolk avatars (Shoals:3)
  A catoblepas (D:14)
  6 centaur warriors
  7 hydras
  An alligator snapping turtle (Shoals:3)
  3 two-headed ogres
  6 satyrs
  6 death yaks (Lair:6)
  A tengu warrior (D:10)
  2 orc high priests (Orc:2)
  A titan zombie (Orc:1)
  Sonja (Lair:4)
  An unseen horror (D:11)
  11 sea snakes
  2 lindwurms (Lair:6)
  A wolf spider zombie (D:15)
  7 orc knights
  A harpy (shapeshifter) (D:10)
  14 orb spiders
  4 orc sorcerers (Orc:2)
  2 stone giant zombies (Orc:1)
  19 wolf spiders
  28 fauns
  5 oklob plants (Lair:5)
  7 manticores
  7 elephants (Lair:6)
  2 moths of wrath
  2 ugly things
  20 cyclopes
  16 merfolk sirens
  A nameless horror (Orc:2)
  7 water nymphs
  5 black mambas
  6 torpor snails
  15 cane toads
  3 kobold demonologists
  A rime drake (Lair:3)
  8 komodo dragons
  A yaktaur (D:15)
  8 demonic crawlers
  A tengu conjurer (D:13)
  2 meliai (Shoals:3)
  A polar bear (shapeshifter) (D:13)
  17 polar bears
  2 harpy zombies (Shoals:2)
  17 merfolk
  13 trolls
  32 jumping spiders
  12 hornets
  8 wind drakes
  3 tyrant leeches (Lair:6)
  27 blink frogs
  3 raiju (Lair:6)
  10 snapping turtles
  A meliai zombie (D:14)
  3 slime creatures
  8 dream sheep
  52 redbacks
  36 tarantellas
  A centaur simulacrum (D:11)
  2 shadows
  8 humans (D:14)
  3 wyverns
  4 basilisks
  9 water elementals
  60 yaks
  8 wraiths
  2 vampire mosquitoes (D:15)
  18 wargs
  A harpy simulacrum (D:15)
  A soldier ant (D:11)
  14 hell hounds (Lair:6)
  2 two-headed ogre zombies (D:11)
  An acid dragon (D:14)
  4 water moccasins
  38 orc warriors
  2 sky beasts
  2 ice beasts
  13 black bears
  12 ogres
  A manticore zombie (Shoals:2)
  4 phantoms
  35 wolves
  14 centaurs
  Blork the orc (Orc:2)
  6 big kobolds
  21 bullfrogs
  A gnoll sergeant (D:10)
  A wyvern zombie (D:13)
  A cyclops zombie (Orc:1)
  A wyvern skeleton (D:10)
  3 scorpions
  3 troll zombies (D:11)
  19 killer bees
  3 electric eels (D:11)
  2 centaur zombies
  2 centaur skeletons
  6 hounds
  5 jellies
  A bullfrog zombie (D:6)
  28 orc priests
  2 bullfrog skeletons
  A gnoll shaman (D:8)
  6 iguanas
  Ijyb (D:3)
  Natasha (D:3)
  36 orc wizards
  6 worker ants
  3 ogre zombies (D:11)
  A hound zombie (D:10)
  3 hound skeletons
  A howler monkey zombie (D:9)
  2 worker ant zombies
  5 gnolls (D:8)
  12 adders
  3 shadow imps
  A white imp (D:9)
  3 ufetubi
  2 oozes
  An adder skeleton (D:8)
  An adder zombie (D:5)
  5 worms
  A dart slug (D:1)
  2 leopard geckos
  82 orcs
  A bat zombie (Shoals:2)
  7 giant cockroaches
  6 hobgoblins
  11 jackals
  7 quokkas
  2 ball pythons
  7 bats
  7 frilled lizards
  8 goblins
  2 goblin skeletons (D:11)
  2 goblin zombies (D:11)
  2 hobgoblin skeletons (D:11)
  27 kobolds
  6 orc skeletons (D:11)
  13 orc zombies (D:11)
  13 rats
  8 bushes
1195 creatures vanquished.

Vanquished Creatures (collateral kills)
  4 emperor scorpions (Spider:4)
  A minotaur (Shoals:3)
  2 wolf spiders (Spider:4)
  An orb spider (Spider:4)
  A manticore (Shoals:4)
  An elephant (Shoals:3)
  A meliai (Shoals:3)
  3 redbacks (Spider:4)
14 creatures vanquished.

Vanquished Creatures (others)
  A human (D:14)
  A kobold (D:5)
  36 fungi
  236 plants
  4 tentacles (Shoals:3)
  2 withered plants (Spider:2)
280 creatures vanquished.

Grand Total: 1489 creatures vanquished

Notes
Turn   | Place    | Note
-------+----------+-------------------------------------------
     0 | D:1      | selver the Draconian Venom Mage began the quest for the
                  | Orb.
     0 | D:1      | Reached XP level 1. HP: 14/14 MP: 3/3
   337 | D:1      | Reached XP level 2. HP: 20/20 MP: 3/5
   378 | D:1      | Learned a level 2 spell: Poisonous Vapours
  1099 | D:2      | Reached XP level 3. HP: 26/26 MP: 1/6
  1534 | D:2      | Reached XP level 4. HP: 33/33 MP: 5/8
  2396 | D:2      | Learned a level 3 spell: Ignite Poison
  2489 | D:3      | Noticed Ijyb
  2506 | D:3      | Paralysed by Ijyb for 2 turns
  2507 | D:3      | Killed Ijyb
  2508 | D:3      | Reached XP level 5. HP: 35/38 MP: 4/9
  2618 | D:3      | Gained mutation: You are resistant to hostile enchantments.
                  | (MR+) [potion of mutation]
  2618 | D:3      | Gained mutation: You have a pair of small horns on your
                  | head. [potion of mutation]
  2618 | D:3      | Gained mutation: You have an increased reservoir of magic.
                  | (+10% MP) [potion of mutation]
  2621 | D:3      | Reached skill level 1 in Fire Magic
  2621 | D:3      | Reached skill level 1 in Air Magic
  3333 | D:3      | Reached skill level 5 in Poison Magic
  4004 | D:3      | Reached XP level 6. HP: 45/45 MP: 4/11
  4311 | D:3      | Noticed Natasha
  4315 | D:3      | Killed Natasha
  4369 | D:3      | Learned a level 3 spell: Mephitic Cloud
  5276 | D:4      | Found a shimmering altar of Xom.
  5395 | D:4      | Reached skill level 1 in Conjurations
  5472 | D:4      | Your scales start taking on a dull iron-grey colour.
  5472 | D:4      | Reduced skill Air Magic to level 1
  5472 | D:4      | Reached XP level 7. HP: 50/50 MP: 11/13
  5472 | D:4      | Gained mutation: You can survive without breathing. [Grey
                  | Draconian growth]
  5632 | D:5      | Entered Level 5 of the Dungeon
  6044 | D:5      | Learned a level 1 spell: Magic Dart
  7040 | D:6      | Reached XP level 8. HP: 46/57 MP: 15/15
  7359 | D:6      | Learned a level 4 spell: Olgreb's Toxic Radiance
  7970 | D:7      | Noticed a komodo dragon
  7984 | D:7      | Killed a komodo dragon
  8167 | D:7      | Found a staircase to the Ecumenical Temple.
  8176 | Temple   | Entered the Ecumenical Temple
  8338 | Temple   | Became a worshipper of Vehumet
  8777 | D:7      | Reached XP level 9. HP: 90/90 MP: 17/17
  8788 | D:7      | Reached XP level 10. HP: 97/97 MP: 16/18
  8800 | D:7      | Reached skill level 5 in Fire Magic
  8808 | D:7      | Reached * piety under Vehumet
  8808 | D:7      | Offered knowledge of Shock by Vehumet.
 10185 | D:8      | Reached ** piety under Vehumet
 10185 | D:8      | Offered knowledge of Foxfire by Vehumet.
 10326 | D:9      | Noticed Gastronok
 10339 | D:9      | Killed Gastronok
 10340 | D:9      | Reached skill level 5 in Spellcasting
 10743 | D:9      | Noticed a two-headed ogre
 10754 | D:9      | Killed a two-headed ogre
 10826 | D:9      | Found a staircase to the Lair.
 10846 | D:9      | Reached XP level 11. HP: 80/104 MP: 7/20
 11012 | D:9      | Offered knowledge of Inner Flame by Vehumet.
 11073 | D:9      | Reached skill level 5 in Transmutations
 11536 | Lair:1   | Entered Level 1 of the Lair of Beasts
 11586 | D:10     | Entered Level 10 of the Dungeon
 11625 | Lair:1   | Reached *** piety under Vehumet
 11735 | Lair:1   | Got a transparent quarterstaff
 11736 | Lair:1   | Identified the +10 quarterstaff "Uffaikut" {flame, Int+9}
                  | (You found it on level 1 of the Lair of Beasts)
 11795 | Lair:1   | Reached skill level 1 in Staves
 11993 | Lair:1   | Learned a level 2 spell: Searing Ray
 12316 | Lair:1   | Reached skill level 2 in Staves
 13114 | Lair:2   | Reached skill level 3 in Staves
 13114 | Lair:2   | Noticed a five-headed hydra
 13156 | Lair:1   | Killed a five-headed hydra
 13336 | Lair:2   | Noticed an eight-headed hydra
 13886 | D:9      | Learned a level 4 spell: Iskenderun's Mystic Blast
 13908 | Lair:1   | Killed an eight-headed hydra
 14130 | Lair:2   | Reached skill level 4 in Staves
 14139 | Lair:2   | Got a smoking quarterstaff
 14142 | Lair:2   | Identified the +11 quarterstaff of Unpleasantness
                  | {antimagic, rF- rC+ rN+ Int+2} (You found it on level 2 of
                  | the Lair of Beasts)
 14221 | Lair:2   | Reached skill level 5 in Conjurations
 14235 | Lair:2   | Offered knowledge of Airstrike by Vehumet.
 14238 | Lair:2   | Reached skill level 5 in Dodging
 14395 | Lair:2   | Reached XP level 12. HP: 112/112 MP: 18/23
 14714 | Lair:2   | Reached skill level 5 in Staves
 14803 | Lair:2   | Found a staircase to the Shoals.
 14855 | Lair:2   | Found a hole to the Spider Nest.
 15036 | Lair:3   | Reached **** piety under Vehumet
 15098 | Lair:3   | Offered knowledge of Lightning Bolt by Vehumet.
 15227 | Lair:3   | Reached skill level 6 in Staves
 15372 | Lair:3   | Noticed an eight-headed hydra
 15387 | Lair:3   | Killed an eight-headed hydra
 15527 | Lair:3   | You fall into a shaft and drop 1 floor!
 15685 | Lair:4   | Noticed a four-headed hydra
 15693 | Lair:4   | Killed a four-headed hydra
 15813 | Lair:4   | Noticed Sonja
 15819 | Lair:4   | Killed Sonja
 16524 | Lair:3   | Reached skill level 7 in Staves
 16965 | Lair:4   | Reached XP level 13. HP: 117/117 MP: 9/26
 17410 | Lair:5   | Found a staircase to the Slime Pits.
 17649 | Lair:5   | Reached ***** piety under Vehumet
 17756 | Lair:5   | Offered knowledge of Fireball by Vehumet.
 17838 | Lair:5   | Learned a level 5 spell: Fireball
 17927 | Lair:5   | Reached skill level 8 in Staves
 18798 | Lair:5   | Noticed Nessos
 18820 | Lair:5   | Killed Nessos
 19327 | Lair:6   | Entered Level 6 of the Lair of Beasts
 19522 | Lair:6   | Reached skill level 9 in Staves
 20273 | Lair:6   | Found a runed translucent door.
 20274 | Lair:6   | Noticed a fire dragon
 20603 | Lair:6   | Reached XP level 14. HP: 105/127 MP: 25/29
 20684 | Lair:6   | Offered knowledge of Conjure Ball Lightning by Vehumet.
 20695 | Lair:6   | Reached skill level 10 in Staves
 21404 | Lair:6   | Reached skill level 10 in Dodging
 21723 | Lair:6   | Offered knowledge of Spellforged Servitor by Vehumet.
 21851 | Lair:6   | Upgraded the game from 0.26-a0-818-g75db068ed4 to
                  | 0.26-a0-831-g7192265339
 22735 | D:10     | Learned a level 7 spell: Spellforged Servitor
 23213 | D:11     | Reached skill level 1 in Summonings
 23240 | D:11     | Reached skill level 11 in Staves
 23524 | D:11     | Found a staircase to the Orcish Mines.
 23998 | Orc:1    | Entered Level 1 of the Orcish Mines
 24029 | Orc:1    | Offered knowledge of Ozocubu's Refrigeration by Vehumet.
 24506 | Orc:1    | Reached XP level 15. HP: 123/136 MP: 23/31
 25255 | Orc:1    | Identified the +11 long sword of Revolt {vamp, rElec Dex+4}
 25256 | Orc:1    | Identified the +9 dire flail of Tenacity {venom, rC+ Dex+2}
 25259 | Orc:1    | Identified the +10 hand crossbow of a Hundred Ziggurats
                  | {freeze, Int+2}
 25284 | Orc:1    | Identified the cursed +1 halberd "Ynanloeh" {vorpal, rElec
                  | rPois rF+ Stlth-}
 26221 | Orc:2    | Entered Level 2 of the Orcish Mines
 26221 | Orc:2    | Noticed Donald
 26221 | Orc:2    | Noticed Josephine
 26224 | Orc:2    | Killed Josephine
 26225 | Orc:2    | Killed Donald
 26226 | Orc:2    | Reached skill level 5 in Summonings
 26239 | Orc:1    | Reached skill level 12 in Staves
 26583 | Orc:2    | Found a staircase to the Elven Halls.
 26632 | Orc:2    | Found a roughly hewn altar of Beogh.
 26852 | Orc:2    | Noticed Blork the orc
 26853 | Orc:2    | Reached ****** piety under Vehumet
 27175 | Orc:2    | Noticed an orc warlord
 27179 | Orc:2    | Killed Blork the orc
 27186 | Orc:2    | Offered knowledge of Bolt of Magma by Vehumet.
 27376 | Orc:2    | Noticed an orc warlord
 27391 | Orc:2    | Killed an orc warlord
 27590 | Orc:2    | Found a roughly hewn altar of Beogh.
 27601 | Orc:2    | Killed an orc warlord
 27787 | Orc:2    | Found Lonkidghu's General Store.
 27791 | Orc:2    | Found Ucayllempa's Antique Armour Shop.
 27826 | Orc:2    | Found Kejos's Antique Weapon Shop.
 27848 | Orc:2    | Bought a pair of embroidered boots for 202 gold pieces
 27877 | Orc:2    | Found Rinuttay's Book Shop.
 27885 | Orc:2    | Bought a book of Summonings for 1050 gold pieces
 27901 | Orc:2    | Bought a twisted hand axe for 216 gold pieces
 27909 | Orc:2    | Identified the cursed +1 hand axe of the New World {vorpal,
                  | Str+3 Dex+5} (You bought it in a shop on level 2 of the
                  | Orcish Mines)
 29668 | D:13     | Offered knowledge of Iskenderun's Battlesphere by Vehumet.
 29669 | D:13     | Reached skill level 13 in Staves
 30285 | D:13     | Reached XP level 16. HP: 115/144 MP: 32/32
 31200 | D:14     | Reached skill level 10 in Conjurations
 31208 | D:14     | Found a gate to the Vaults.
 31409 | D:14     | Found a large runed translucent door.
 31410 | D:14     | Found a large runed translucent door.
 31448 | D:14     | Found a hazy altar of Hepliaklqana.
 31609 | D:14     | Noticed Jiolyugh's ghost (journeyman GrEE)
 31636 | D:14     | Killed Jiolyugh's ghost
 31652 | D:14     | Got a crude copper amulet
 31665 | D:14     | Identified the amulet "Fotezygg" {RegenMP *Slow Int+2
                  | Dex+4} (You found it on level 14 of the Dungeon)
 31925 | D:15     | Entered Level 15 of the Dungeon
 32275 | D:15     | Found a blossoming altar of Fedhas.
 32823 | D:15     | Found a staircase to the Depths.
 33275 | Spider:1 | Entered Level 1 of the Spider Nest
 33284 | Spider:1 | Reached skill level 10 in Spellcasting
 33377 | Spider:1 | You fall into a shaft and drop 1 floor!
 33631 | Spider:1 | Offered knowledge of Lehudib's Crystal Spear by Vehumet.
 34714 | Spider:2 | Reached skill level 14 in Staves
 34868 | Spider:2 | Identified a scroll of acquirement
 34868 | Spider:2 | Acquired the +7 lajatang of Buiplet {venom, SInv}
 35552 | Spider:2 | Found a runed translucent door.
 35552 | Spider:2 | Noticed Gohat's ghost (journeyman HOBe)
 35709 | Spider:3 | Reached skill level 10 in Summonings
 36042 | Spider:3 | Acquired a scarf of resistance
 36882 | Spider:4 | Entered Level 4 of the Spider Nest
 36888 | Spider:4 | Offered knowledge of Shatter by Vehumet.
 36888 | Spider:4 | Offered knowledge of Chain Lightning by Vehumet.
 36888 | Spider:4 | Offered knowledge of Ignition by Vehumet.
 37159 | Spider:4 | Reached XP level 17. HP: 97/150 MP: 35/35
 38033 | Spider:4 | Learned a level 6 spell: Shadow Creatures
 39173 | Spider:4 | Got a gossamer rune of Zot
 39709 | Shoals:1 | Entered Level 1 of the Shoals
 43552 | Shoals:3 | Noticed a kraken
 43561 | Shoals:3 | Killed a kraken
 44396 | Shoals:3 | Found a hide-covered altar of Uskayaw.
 45066 | Shoals:2 | Learned a level 7 spell: Summon Hydra
 45070 | Shoals:3 | Reached XP level 18. HP: 157/157 MP: 38/38
 46087 | Shoals:4 | Entered Level 4 of the Shoals
 46664 | Shoals:4 | Shot with an arrow by a satyr

Illustrated notes

Levels and vault maps discovered:
D:1:      giann_wishing_wells, layout_basic
D:2:      wad_river_or_something, layout_basic, minmay_pentomino_q2
D:3:      layout_basic, uniq_ijyb, uniq_natasha
D:4:      layout_loops_corners, xom_confusion_cloud
D:5:      layout_cave_pools, lexackson_kobold_supper
D:6:      layout_cave_pods
D:7:      layout_loops_ring, minmay_temple_entry_fiery
D:8:      layout_loops_ring, serial_park_tiny_pond, eino_tiny_chamber,
          patterned_corridor
D:9:      layout_irregular_city, erik_lair_orcish_takeover, uniq_gastronok
D:10:     layout_rooms, minmay_pinched_square
D:11:     layout_rooms, zombieorc2_lemuel, serial_ice, serial_ice_f,
          serial_ice_a, serial_ice_b, serial_ice_j
D:12:     layout_loops_ring
D:13:     layout_stronghold
D:14:     layout_long_grid, ximxim_vaults_locker_room,
          ebering_ghost_disaster_area, basic_altar, grunt_decor_cap,
          corner_web_ring
D:15:     grunt_enter_depths_snipers, layout_gridville, fedhas_altar_1,
          minmay_protected_statue
Temple:   nicolae_temple_the_god_donut
Lair:1:   layout_layer_cave, lemuel_fruit_fields
Lair:2:   layout_roguey, elwin_shoals_entry_stream, spider_nest_entry_a
Lair:3:   layout_layer_cave
Lair:4:   layout_cellular_growth, grunt_megastairs_2, uniq_sonja
Lair:5:   layout_small_grid, minmay_slime_entry_oklob_open,
          minmay_lair_oklob_bushes, uniq_nessos
Lair:6:   wormcave, layout_long_grid, hangedman_lair_caniforms_friends,
          chequers_serial_rivers_room_b
Shoals:1: layout_shoals
Shoals:2: layout_shoals, nicolae_shoals_undead_eyrie
Shoals:3: layout_shoals, regret_index_shoals_crete
Shoals:4: shoals_end_grunt_garden, layout_shoals, nicolae_shoals_this_corrosion
Spider:1: layout_spider_delve
Spider:2: layout_spider_delve, gammafunk_ghost_grave, drop_trap,
          hangedman_spider_tarantella_strand
Spider:3: layout_spider_delve, spiders_nest_ghost_moth_duel
Spider:4: grunt_spider_rune_circles
Orc:1:    giant_chief_lemuel, layout_diamond_mine
Orc:2:    grunt_orc_cross, layout_caves, basic_altar, uniq_donald,
          uniq_josephine

Skill      XL: |  1  2  3  4  5  6  7  8  9 10 11 12 13 14 15 16 17 18 |
---------------+-------------------------------------------------------+-----
Poison Magic   | 4 5 6 7 8 9 |  9.0
Spellcasting   | 3 4 5 6 7 8 9 10 13 | 13.0
Transmutations | 2 3 4 5 |  5.0
Fire Magic     | 1 2 3 4 6 7 |  7.7
Air Magic      | 1 1 2 3 4 |  4.0
Conjurations   | 1 2 3 4 5 7 8 9 11 | 11.8
Fighting       | 11 12 13 | 13.2
Dodging        | 5 7 9 10 | 10.6
Staves         | 4 7 9 11 13 14 | 14.0
Summonings     | 2 7 10 12 13 | 13.1
Stealth        | |  1.7

Action                   |  1- 3 |  4- 6 |  7- 9 | 10-12 | 13-15 | 16-18 || total
-------------------------+-------+-------+-------+-------+-------+-------++-------
Melee: Unarmed           |    41 |       |       |       |       |       ||    41
       Tailslap          |     9 |     7 |    12 |    17 |    50 |    56 ||   151
       Dagger            |    44 |    71 |       |       |       |       ||   115
       Whip              |       |    38 |    72 |       |       |       ||   110
       Headbutt          |       |    10 |    16 |    26 |    54 |    60 ||   166
       Trident           |       |       |    58 |   137 |       |       ||   195
       Quarterstaff      |       |       |       |    71 |   488 |   341 ||   900
       Staff             |       |       |       |     4 |       |     2 ||     6
       Lajatang          |       |       |       |       |       |    96 ||    96
 Cast: Sting             |    33 |    41 |    12 |     6 |     3 |       ||    95
       Poisonous Vapours |     7 |    41 |    30 |    32 |    53 |    18 ||   181
       Magic Dart        |       |       |    37 |    20 |       |       ||    57
       Ignite Poison     |       |       |     8 |    87 |   220 |   167 ||   482
       Mephitic Cloud    |       |       |     2 |    34 |    57 |    25 ||   118
       Olgreb's Toxic Ra |       |       |     5 |    32 |    88 |    88 ||   213
       Iskenderun's Myst |       |       |       |     8 |    83 |    45 ||   136
       Searing Ray       |       |       |       |     4 |    41 |    29 ||    74
       Fireball          |       |       |       |       |    21 |    61 ||    82
       Spellforged Servi |       |       |       |       |       |     5 ||     5
       Shadow Creatures  |       |       |       |       |       |     7 ||     7
       Summon Hydra      |       |       |       |       |       |     1 ||     1
Evoke: Wand              |       |       |       |     1 |       |       ||     1
  Use: Scroll            |       |     5 |     7 |    13 |    13 |    17 ||    55
       Potion            |       |     4 |     3 |    10 |     9 |    19 ||    45
 Stab: Sleeping          |       |     3 |     1 |     2 |     1 |     1 ||     8
       Confused          |       |       |       |     1 |     2 |     4 ||     7
       Distracted        |       |       |       |       |     1 |     2 ||     3
Armor: Skin              |    31 |    36 |    65 |    93 |   168 |   191 ||   584
Dodge: Dodged            |    60 |    70 |   110 |   230 |   525 |   535 ||  1530

Table legend: (Time is in decaauts)
 A = Elapsed time spent in this place.
 B = Non-inter-level travel time spent in this place.
 C = Inter-level travel time spent in this place.
 D = Time resting spent in this place.
 E = Time spent auto-exploring this place.
 F = Levels seen in this place.
 G = Mean time per level.
                   A        B        C        D        E       F      G
               +--------+--------+--------+--------+--------+-----+--------+
         Total |  46435 |  44766 |   1669 |  19133 |  18805 |  32 | 1451.1 |
       Dungeon |  18455 |  17837 |    618 |   5998 |   9047 |  15 | 1230.3 |
        Temple |    186 |    162 |     24 |      0 |    115 |   1 |  186.0 |
          Lair |  10763 |  10186 |    577 |   3786 |   4866 |   6 | 1793.8 |
        Shoals |   6456 |   6333 |    123 |   3857 |   1722 |   4 | 1614.0 |
   Spider Nest |   6328 |   6130 |    198 |   3409 |   1888 |   4 | 1582.0 |
  Orcish Mines |   4244 |   4117 |    127 |   2081 |   1167 |   2 | 2122.0 |
               +--------+--------+--------+--------+--------+-----+--------+

Top non-repeatable levels by time:
  Lair:6: 2796 daAuts
   Orc:1: 2761 daAuts
Spider:4: 2266 daAuts
     D:3: 2251 daAuts
  Lair:5: 2232 daAuts
Shoals:3: 2213 daAuts
Shoals:2: 2211 daAuts
  Lair:1: 1920 daAuts
     D:9: 1841 daAuts
Shoals:1: 1733 daAuts
    D:13: 1567 daAuts
Spider:3: 1557 daAuts
  Lair:2: 1515 daAuts
   Orc:2: 1482 daAuts
     D:2: 1479 daAuts
